TOP OF THE 1ST |
Brookline HS Warriors batting - Pitching for Spanish Fork HS : LHP Bob Taylor
|
Pitching: LHP Bob Taylor
|
|
Batting: RHB Paco Cabrera
|
0-0: Called Strike 0-1: Fly out, F6 (Line Drive, 6M)
|
Batting: LHB Desmond Huth
|
0-0: Foul Ball, location: 2F 0-1: Ball 1-1: Ball 2-1: Fly out, F2 (Popup, 2LF)
|
Batting: RHB Tim Smith
|
0-0: Ball 1-0: SINGLE (Line Drive, 34D)
|
Batting: RHB Tom McBride
|
0-0: Foul Ball, location: 2F 0-1: Swinging Strike 0-2: Foul Ball, location: 2F 0-2: Ball 1-2: Ball 2-2: Ball 3-2: Base on Balls Tim Smith to second
|
Batting: LHB Jonathan Martin
|
0-0: Ball 1-0: Foul Ball, location: 2F 1-1: Swinging Strike 1-2: Foul Ball, location: 2F 1-2: Strikes out looking
|
Top of the 1st over - 0 run(s), 1 hit(s), 0 error(s), 2 left on base; Brookline HS 0 - Spanish Fork HS 0 |
BOTTOM OF THE 1ST |
Spanish Fork HS batting - Pitching for Brookline HS Warriors : LHP Juan Varela
|
Pitching: LHP Juan Varela
|
|
Now in RF: Ben Bond
|
|
Batting: RHB Gary Roberts
|
0-0: Ball 1-0: Ball 2-0: SINGLE (Groundball, 6MD)
|
Batting: LHB Greg MacCanish
|
0-0: Ball 1-0: Fly out, F9 (Flyball, 89M)
|
Batting: LHB Joe Joyce
|
0-0: Fly out, F5 (Line Drive, 56S)
|
Batting: RHB Jim Jones
|
0-0: Ball 1-0: Foul Ball, location: 2F 1-1: Ground out 4-3 (Groundball, 34)
|
Bottom of the 1st over - 0 run(s), 1 hit(s), 0 error(s), 1 left on base; Brookline HS 0 - Spanish Fork HS 0 |
TOP OF THE 2ND |
Brookline HS Warriors batting - Pitching for Spanish Fork HS : LHP Bob Taylor
|
Batting: RHB Francisco Durango
|
0-0: SINGLE (Line Drive, 78M)
|
Batting: SHB Luis Rodríguez
|
0-0: Called Strike 0-1: Ball 1-1: Ball 2-1: Called Strike 2-2: Strikes out swinging
|
Batting: RHB Owen Jenkins
|
0-0: Ball 1-0: Fly out, F3 (Popup, 4S)
|
Batting: RHB Bob Bishop
|
0-0: Swinging Strike 0-1: Foul Ball, location: 2F 0-2: SINGLE (Groundball, 34) Francisco Durango to second Francisco Durango to third
|
Batting: RHB Paco Cabrera
|
0-0: Foul Ball, location: 2F 0-1: Swinging Strike 0-2: Ball 1-2: Ball 2-2: Foul Ball, location: 2F 2-2: Fly out, F4 (Line Drive, 4)
|
Top of the 2nd over - 0 run(s), 2 hit(s), 0 error(s), 2 left on base; Brookline HS 0 - Spanish Fork HS 0 |
BOTTOM OF THE 2ND |
Spanish Fork HS batting - Pitching for Brookline HS Warriors : LHP Juan Varela
|
Batting: LHB Jason Mills
|
0-0: Called Strike 0-1: Ball 1-1: Called Strike 1-2: Strikes out swinging
|
Batting: RHB Chester Mullins
|
0-0: Called Strike 0-1: Ball 1-1: Swinging Strike 1-2: Ball 2-2: Foul Ball, location: 2F 2-2: Ball 3-2: Base on Balls
|
Batting: RHB Julius Shelton
|
0-0: Ball 1-0: Foul Ball, location: 2F 1-1: Ball 2-1: Foul Ball, location: 2F 2-2: Ball 3-2: Base on Balls Chester Mullins to second
|
Batting: SHB Héctor Arteago
|
0-0: Called Strike 0-1: Called Strike 0-2: Ball 1-2: Ball 2-2: Ball 3-2: Base on Balls Chester Mullins to third Julius Shelton to second
|
Batting: SHB Miguel Gómez
|
0-0: Ball 1-0: Called Strike 1-1: Ball 2-1: Foul Ball, location: 2F 2-2: Foul Ball, location: 2F 2-2: Strikes out swinging
|
Batting: RHB Gary Roberts
|
0-0: Called Strike 0-1: Ball 1-1: Foul Ball, location: 2F 1-2: Ball 2-2: Ball 3-2: Fly out, F9 (Flyball, 89M)
|
Bottom of the 2nd over - 0 run(s), 0 hit(s), 0 error(s), 3 left on base; Brookline HS 0 - Spanish Fork HS 0 |
TOP OF THE 3RD |
Brookline HS Warriors batting - Pitching for Spanish Fork HS : LHP Bob Taylor
|
Batting: LHB Desmond Huth
|
0-0: Ball 1-0: Bunt for hit - play at first, batter safe!
|
Batting: RHB Tim Smith
|
0-0: Ball 1-0: Ball 2-0: Called Strike Desmond Huth is caught stealing 2nd base 2-1: Foul Ball, location: 2F 2-2: Ball 3-2: Base on Balls
|
Batting: RHB Tom McBride
|
0-0: Called Strike 0-1: Swinging Strike 0-2: Ball 1-2: Foul Ball, location: 2F 1-2: SINGLE (Groundball, 6MD) Tim Smith to second
|
Batting: RHB Ben Bond
|
0-0: Foul Ball, location: 2F 0-1: Foul Ball, location: 2F 0-2: Ball 1-2: SINGLE (Groundball, 56D) Tim Smith to third Tom McBride to second
|
Batting: RHB Francisco Durango
|
0-0: Ball 1-0: Swinging Strike 1-1: Foul Ball, location: 2F 1-2: Strikes out swinging
|
Batting: SHB Luis Rodríguez
|
0-0: Ball 1-0: Called Strike 1-1: Fly out, F4 (Popup, 8RS)
|
Top of the 3rd over - 0 run(s), 3 hit(s), 0 error(s), 3 left on base; Brookline HS 0 - Spanish Fork HS 0 |
BOTTOM OF THE 3RD |
Spanish Fork HS batting - Pitching for Brookline HS Warriors : LHP Juan Varela
|
Batting: LHB Greg MacCanish
|
0-0: Called Strike 0-1: Ball 1-1: Ball 2-1: Foul Ball, location: 2F 2-2: Foul Ball, location: 2F 2-2: Foul Ball, location: 2F 2-2: Ball 3-2: Base on Balls
|
Batting: LHB Joe Joyce
|
0-0: Swinging Strike 0-1: 2-RUN HOME RUN (Flyball, 9D), Distance : 359 ft
|
Batting: RHB Jim Jones
|
0-0: Ball 1-0: SINGLE (Groundball, 6D)
|
Batting: LHB Jason Mills
|
0-0: Foul Ball, location: 2F 0-1: Ball 1-1: Called Strike 1-2: Strikes out looking
|
Batting: RHB Chester Mullins
|
0-0: Called Strike 0-1: Ball Jim Jones is caught stealing 2nd base 1-1: Fly out, F7 (Flyball, 78M)
|
Bottom of the 3rd over - 2 run(s), 2 hit(s), 0 error(s), 0 left on base; Brookline HS 0 - Spanish Fork HS 2 |
TOP OF THE 4TH |
Brookline HS Warriors batting - Pitching for Spanish Fork HS : LHP Bob Taylor
|
Batting: RHB Owen Jenkins
|
0-0: Called Strike 0-1: Foul Ball, location: 2F 0-2: Fly out, F8 (Flyball, 8LS)
|
Batting: RHB Bob Bishop
|
0-0: SINGLE (Flyball, 8RS)
|
Batting: RHB Paco Cabrera
|
0-0: Foul Ball, location: 2F 0-1: Ball 1-1: Foul Ball, location: 2F 1-2: Ball 2-2: Strikes out looking
|
Batting: LHB Desmond Huth
|
0-0: Foul Ball, location: 2F 0-1: Ball 1-1: Hit by Pitch Bob Bishop to second
|
Batting: RHB Tim Smith
|
0-0: Swinging Strike 0-1: Ball 1-1: Fly out, F7 (Flyball, 7M)
|
Top of the 4th over - 0 run(s), 1 hit(s), 0 error(s), 2 left on base; Brookline HS 0 - Spanish Fork HS 2 |
BOTTOM OF THE 4TH |
Spanish Fork HS batting - Pitching for Brookline HS Warriors : LHP Juan Varela
|
Batting: RHB Julius Shelton
|
0-0: SINGLE (Groundball, 34)
|
Batting: SHB Héctor Arteago
|
0-0: Called Strike 0-1: Fly out, F9 (Flyball, 9M)
|
Batting: SHB Miguel Gómez
|
0-0: Ball 1-0: Called Strike 1-1: Called Strike 1-2: Grounds into double play, 4-6-3 (Groundball, 4)
|
Bottom of the 4th over - 0 run(s), 1 hit(s), 0 error(s), 0 left on base; Brookline HS 0 - Spanish Fork HS 2 |
TOP OF THE 5TH |
Brookline HS Warriors batting - Pitching for Spanish Fork HS : LHP Bob Taylor
|
Batting: RHB Tom McBride
|
0-0: Ball 1-0: Swinging Strike 1-1: Ground out 6-3 (Groundball, 6M)
|
Batting: RHB Ben Bond
|
0-0: Ball 1-0: Foul Ball, location: 2F 1-1: Ground out 6-3 (Groundball, 6)
|
Batting: RHB Francisco Durango
|
0-0: Called Strike 0-1: Swinging Strike 0-2: Foul Ball, location: 2F 0-2: Ball 1-2: SINGLE (Groundball, 6MD)
|
Pitching: RHP Wade Sweeny
|
|
Batting: SHB Luis Rodríguez
|
0-0: Called Strike Francisco Durango steals 2nd base 0-1: Ball 1-1: Swinging Strike 1-2: Ground out 4-3 (Groundball, 4)
|
Top of the 5th over - 0 run(s), 1 hit(s), 0 error(s), 1 left on base; Brookline HS 0 - Spanish Fork HS 2 |
BOTTOM OF THE 5TH |
Spanish Fork HS batting - Pitching for Brookline HS Warriors : LHP Juan Varela
|
Batting: RHB Gary Roberts
|
0-0: Fly out, F8 (Flyball, 89M)
|
Batting: LHB Greg MacCanish
|
0-0: Called Strike 0-1: Swinging Strike 0-2: Strikes out swinging
|
Batting: LHB Joe Joyce
|
0-0: Hit by Pitch
|
Pinch Runner at 1st Thomas Cole:
|
|
Batting: RHB Jim Jones
|
0-0: Foul Ball, location: 2F 0-1: Foul Ball, location: 2F 0-2: Foul Ball, location: 2F 0-2: Ground out 4-3 (Groundball, 4)
|
Bottom of the 5th over - 0 run(s), 0 hit(s), 0 error(s), 1 left on base; Brookline HS 0 - Spanish Fork HS 2 |
TOP OF THE 6TH |
Brookline HS Warriors batting - Pitching for Spanish Fork HS : RHP Wade Sweeny
|
Now at 2B: Thomas Cole
|
|
Batting: RHB Owen Jenkins
|
0-0: Fly out, F7 (Line Drive, 7M)
|
Batting: RHB Bob Bishop
|
0-0: Foul Ball, location: 2F 0-1: Called Strike 0-2: Ball 1-2: Strikes out looking
|
Batting: RHB Paco Cabrera
|
0-0: Called Strike 0-1: Called Strike 0-2: Ball 1-2: Ball 2-2: Ball 3-2: Foul Ball, location: 2F 3-2: Strikes out swinging
|
Top of the 6th over - 0 run(s), 0 hit(s), 0 error(s), 0 left on base; Brookline HS 0 - Spanish Fork HS 2 |
BOTTOM OF THE 6TH |
Spanish Fork HS batting - Pitching for Brookline HS Warriors : LHP Juan Varela
|
Batting: LHB Jason Mills
|
0-0: Ball 1-0: Ball 2-0: Ball 3-0: Called Strike 3-1: Base on Balls
|
Pitching: RHP Scott Robbins
|
|
Batting: RHB Chester Mullins
|
0-0: Called Strike 0-1: DOUBLE (Flyball, 78XD) Jason Mills to third
|
Batting: RHB Julius Shelton
|
0-0: Called Strike 0-1: Ball 1-1: Ball 2-1: Foul Ball, location: 2F 2-2: Strikes out swinging
|
Batting: SHB Héctor Arteago
|
0-0: Ball 1-0: Called Strike 1-1: Foul Ball, location: 2F 1-2: Ball 2-2: Strikes out swinging
|
Batting: SHB Miguel Gómez
|
0-0: Called Strike 0-1: Swinging Strike 0-2: Ball 1-2: Foul Ball, location: 2F 1-2: Foul Ball, location: 2F 1-2: Strikes out swinging
|
Bottom of the 6th over - 0 run(s), 1 hit(s), 0 error(s), 2 left on base; Brookline HS 0 - Spanish Fork HS 2 |
TOP OF THE 7TH |
Brookline HS Warriors batting - Pitching for Spanish Fork HS : RHP Wade Sweeny
|
Batting: LHB Desmond Huth
|
0-0: Ball 1-0: Ball 2-0: Ball 3-0: Called Strike 3-1: Called Strike 3-2: Foul Ball, location: 2F 3-2: Ground out 1-3 (Groundball, 15)
|
Batting: RHB Tim Smith
|
0-0: Ball 1-0: Fly out, F7 (Flyball, 78M)
|
Batting: RHB Tom McBride
|
0-0: Called Strike 0-1: Swinging Strike 0-2: Ball 1-2: Strikes out swinging
|
Top of the 7th over - 0 run(s), 0 hit(s), 0 error(s), 0 left on base; Brookline HS 0 - Spanish Fork HS 2 |
BOTTOM OF THE 7TH |
Spanish Fork HS batting - Pitching for Brookline HS Warriors : RHP Scott Robbins
|
Batting: RHB Gary Roberts
|
0-0: Ball 1-0: Ball 2-0: Ball 3-0: Foul Ball, location: 2F 3-1: Called Strike 3-2: Strikes out swinging
|
Batting: LHB Greg MacCanish
|
0-0: Called Strike 0-1: Called Strike 0-2: Reached on Error, E8 (Flyball, 8LM)
|
Batting: LHB Thomas Cole
|
0-0: Foul Ball, location: 2F 0-1: Foul Ball, location: 2F 0-2: Strikes out swinging
|
Batting: RHB Jim Jones
|
0-0: Ball 1-0: Ball 2-0: Ball 3-0: Base on Balls Greg MacCanish to second
|
Batting: LHB Jason Mills
|
0-0: Ball 1-0: Ball 2-0: Ball 3-0: Base on Balls Greg MacCanish to third Jim Jones to second
|
Pitching: RHP Juan Álvarez
|
|
Batting: RHB Chester Mullins
|
0-0: Fielders Choice at 2nd, 6-4 (Groundball, 56)
|
Bottom of the 7th over - 0 run(s), 0 hit(s), 1 error(s), 2 left on base; Brookline HS 0 - Spanish Fork HS 2 |
TOP OF THE 8TH |
Brookline HS Warriors batting - Pitching for Spanish Fork HS : RHP Wade Sweeny
|
Pitching: RHP Carl Cook
|
|
Batting: RHB Ben Bond
|
0-0: Foul Ball, location: 2F 0-1: Ball 1-1: Ground out 6-3 (Groundball, 6S)
|
Batting: RHB Francisco Durango
|
0-0: Foul Ball, location: 2F 0-1: Ball 1-1: Foul Ball, location: 2F 1-2: Ball 2-2: Strikes out looking
|
Batting: SHB Luis Rodríguez
|
0-0: Ball 1-0: Ground out 1-3 (Groundball, 15)
|
Top of the 8th over - 0 run(s), 0 hit(s), 0 error(s), 0 left on base; Brookline HS 0 - Spanish Fork HS 2 |
BOTTOM OF THE 8TH |
Spanish Fork HS batting - Pitching for Brookline HS Warriors : RHP Juan Álvarez
|
Batting: RHB Julius Shelton
|
0-0: Foul Ball, location: 2F 0-1: Ball 1-1: SINGLE (Groundball, 34)
|
Batting: SHB Héctor Arteago
|
0-0: Bunted foul 0-1: Bunted foul 0-2: Ball 1-2: SINGLE (Groundball, 34D) (infield hit) Julius Shelton to second
|
Batting: SHB Miguel Gómez
|
0-0: Bunted foul 0-1: Sac Bunt - play at first, batter OUT! 1-4 Julius Shelton to third Héctor Arteago to second
|
Batting: RHB Gary Roberts
|
0-0: Ball 1-0: Called Strike 1-1: Swinging Strike 1-2: Ball 2-2: Foul Ball, location: 2F 2-2: Strikes out swinging
|
Batting: LHB Greg MacCanish
|
0-0: Intentional Walk
|
Batting: LHB Thomas Cole
|
0-0: Ball 1-0: Ball Wild Pitch! Julius Shelton scores Héctor Arteago to third Greg MacCanish to second 2-0: Foul Ball, location: 2F 2-1: Ball 3-1: Base on Balls
|
Batting: RHB Jim Jones
|
0-0: Called Strike 0-1: Fly out, F9 (Flyball, 89M)
|
Bottom of the 8th over - 1 run(s), 2 hit(s), 0 error(s), 3 left on base; Brookline HS 0 - Spanish Fork HS 3 |
TOP OF THE 9TH |
Brookline HS Warriors batting - Pitching for Spanish Fork HS : RHP Carl Cook
|
Pitching: RHP William Stevens
|
|
Batting: RHB Owen Jenkins
|
0-0: Called Strike 0-1: Ball 1-1: Called Strike 1-2: Ball 2-2: Fly out, F9 (Line Drive, 9S)
|
Batting: RHB Bob Bishop
|
0-0: Ball 1-0: Called Strike 1-1: Swinging Strike 1-2: Ball 2-2: Ball 3-2: Base on Balls
|
Batting: RHB Paco Cabrera
|
0-0: Fielders Choice at 2nd, 4-6 (Groundball, 4)
|
Batting: LHB Desmond Huth
|
0-0: Ball 1-0: Ball 2-0: Ball 3-0: Hit by Pitch Paco Cabrera to second
|
Batting: RHB Tim Smith
|
0-0: Swinging Strike 0-1: Ball 1-1: Swinging Strike 1-2: Ball 2-2: Fly out, F9 (Popup, 9S)
|
Top of the 9th over - 0 run(s), 0 hit(s), 0 error(s), 2 left on base; Brookline HS 0 - Spanish Fork HS 3 |
|